Map: 星軌船廠

Players

Nice

  • Race: Protoss Protoss
  • League: Grandmaster

FWHas (Has) - Winner!

  • Race: Protoss Protoss
  • League: Master

Event: 2016 WCS Winter Challenger Taiwan

VOD

Have the link to the VOD?

Description

Time

  • Played on: Jan. 8, 2016, 4:42 a.m.
  • Length: 6:48

All games in this series

Show
View Real Time Build Order
Export as new Build Order

Nice Protoss 

Build Orders:  

Get SALT Encoding   

  12  0:01  Probe (Chrono Boost)  
  13  0:11  Probe (Chrono Boost)  
  14  0:17  Pylon  
  14  0:22  Probe (Chrono Boost)  
  15  0:36  Probe (Chrono Boost)  
  15  0:37  Gateway  
  16  0:46  Probe (Chrono Boost)  
  16  0:48  Assimilator  
  17  0:53  Assimilator  
  18  0:57  Probe (Chrono Boost)  
  18  1:04  Gateway  
  18  1:07  Probe (Chrono Boost)  
  19  1:18  Probe (Chrono Boost)  
  20  1:25  Cybernetics Core  
  20  1:28  Probe (Chrono Boost)  
  21  1:36  Pylon  
  21  1:39  Probe (Chrono Boost)  
  22  1:53  Probe (Chrono Boost)  
  23  2:01  Stalker x2, Warp Gate (Chrono Boost)  
  27  2:10  Pylon  
  27  2:28  Robotics Facility  
  27  2:34  Stalker  
  27  2:36  Stalker  
  31  2:49  Pylon  
  31  2:53  Gateway  
  31  3:15  Mothership Core  
  31  3:16  Immortal (Chrono Boost)  
  37  3:44  Pylon  
  37  3:50  Warp Prism (Chrono Boost)  
  39  4:02  Stalker x3  
  45  4:45  Zealot x3  
  39  5:13  Stalker x3  
  33  5:14  Warp Prism (Chrono Boost)  
  35  5:29  Probe  
  36  5:45  Probe  
  36  5:48  Adept  
  36  5:49  Adept x2  
  43  5:52  Nexus  
  43  5:59  Observer (Chrono Boost)  
  43  6:02  Probe (Chrono Boost)  
  45  6:05  Twilight Council  
  45  6:10  Sentry  
  47  6:14  Probe (Chrono Boost)  
  47  6:16  Pylon  
  48  6:24  Probe (Chrono Boost)  
  43  6:35  Probe (Chrono Boost)  
Show
View Real Time Build Order
Export as new Build Order

FWHas Protoss - Winner!

Build Orders: Nexus First 

Get SALT Encoding   

  12  0:00  Probe (Chrono Boost)  
  13  0:11  Probe (Chrono Boost)  
  14  0:22  Probe (Chrono Boost), Pylon  
  15  0:40  Probe (Chrono Boost)  
  16  0:54  Nexus  
  16  0:57  Probe (Chrono Boost)  
  17  1:08  Gateway  
  18  1:11  Probe (Chrono Boost)  
  18  1:19  Assimilator  
  18  1:22  Probe (Chrono Boost)  
  18  1:25  Assimilator  
  19  1:32  Probe (Chrono Boost)  
  20  1:43  Probe (Chrono Boost)  
  20  1:44  Gateway  
  21  1:53  Probe (Chrono Boost)  
  22  1:57  Cybernetics Core  
  22  2:04  Probe (Chrono Boost)  
  22  2:08  Probe (Chrono Boost)  
  24  2:14  Probe (Chrono Boost)  
  25  2:19  Probe (Chrono Boost)  
  26  2:25  Probe (Chrono Boost)  
  27  2:33  Stalker x2  
  32  2:38  Mothership Core (Chrono Boost)  
  32  2:40  Probe (Chrono Boost)  
  34  2:47  Pylon  
  34  2:51  Probe (Chrono Boost)  
  35  2:55  Warp Gate (Chrono Boost)  
  35  3:00  Probe (Chrono Boost)  
  35  3:03  Probe (Chrono Boost)  
  37  3:10  Stalker (Chrono Boost)  
  37  3:11  Stalker (Chrono Boost)  
  42  3:17  Pylon  
  42  3:19  Probe x2  
  43  3:31  Probe x2  
  45  3:37  Twilight Council  
  45  3:43  Probe x2  
  45  3:47  Assimilator x2  
  49  3:49  Sentry (Chrono Boost)  
  49  3:54  Pylon  
  49  3:55  Probe, Gateway  
  50  3:59  Probe  
  51  4:07  Probe  
  52  4:13  Stalker (Chrono Boost)  
  55  4:21  Pylon  
  55  4:25  Pylon x2  
  55  4:34  Blink (Chrono Boost)  
  55  4:36  Stalker  
  55  4:39  Probe  
  55  4:45  Probe  
  55  4:51  Probe  
  45  4:57  Probe  
  40  5:00  Stalker x2  
  40  5:03  Probe  
  42  5:09  Probe  
  40  5:15  Probe  
  41  5:21  Probe  
  41  5:27  Stalker, Sentry  
  41  5:28  Mothership Core  
  48  5:33  Probe  
  49  5:45  Probe, Stalker  
  49  5:49  Probe, Robotics Facility  
  53  5:53  Pylon  
  53  5:57  Probe  
  53  5:58  Stalker  
  53  6:01  Probe  
  57  6:09  Probe  
  58  6:13  Probe  
  59  6:20  Stalker x2  
  59  6:22  Probe  
  64  6:29  Probe  
  65  6:34  Probe  
Tags
 
Add a new tag
Caveats
  • Supply blocks, unpowered buildings, or Contaminate may cause inaccurate times.
  • Supply counts are checked every 10 seconds.